Map: Gresvan LE

Players

niko

  • Race: Zerg Zerg
  • League: Master
  • Spawn Location: 11:00

SueGhan - Winner!

  • Race: Protoss Protoss
  • League: Diamond
  • Spawn Location: 5:00

VOD

Have the link to the VOD?

Description

Time

  • Played on: Aug. 19, 2023, 4:04 p.m.
  • Length: 20:18
Show
View Real Time Build Order
Export as new Build Order

niko Zerg 

Build Orders: Hatch First, Lurkers, Roach Hydra 

Get SALT Encoding   

  12  0:00  Drone  
  13  0:13  Overlord  
  13  0:16  Drone  
  14  0:31  Drone x2  
  16  0:50  Hatchery  
  16  0:53  Drone  
  16  0:55  Drone  
  17  0:58  Drone  
  18  1:11  Extractor  
  17  1:14  Spawning Pool  
  17  1:17  Drone  
  17  1:21  Drone  
  18  1:29  Drone  
  19  1:41  Drone  
  20  1:54  Overlord  
  20  2:01  Drone  
  21  2:02  Queen, Drone  
  21  2:03  Queen  
  26  2:12  Drone  
  26  2:15  Drone  
  28  2:23  Metabolic Boost  
  28  2:25  Drone x2  
  30  2:35  Hatchery  
  29  2:38  Zergling x4  
  31  2:44  Drone  
  31  2:45  Drone  
  31  2:49  Queen  
  35  2:55  Drone  
  36  3:02  Overlord  
  36  3:09  Overlord  
  36  3:12  Extractor  
  35  3:13  Extractor, Drone x2  
  38  3:32  Zergling x4  
  38  3:33  Drone x3  
  40  3:40  Evolution Chamber  
  37  3:43  Spore Crawler  
  37  3:45  Spore Crawler  
  37  3:46  Queen x2  
  40  3:51  Queen  
  40  3:54  Drone x2  
  44  4:00  Drone x3  
  47  4:05  Drone x3  
  50  4:10  Drone x3  
  51  4:18  Drone  
  51  4:19  Drone  
  51  4:20  Drone  
  51  4:22  Spore Crawler  
  53  4:25  Queen  
  56  4:31  Drone x2  
  56  4:33  Overlord  
  56  4:35  Overlord  
  56  4:37  Drone  
  58  4:51  Queen  
  58  4:52  Overlord x4  
  60  4:53  Drone  
  61  5:06  Drone  
  61  5:07  Drone x8  
  71  5:14  Drone x5  
  75  5:23  Overlord x2  
  75  5:30  Extractor, Roach Warren  
  75  5:32  Extractor  
  75  5:34  Extractor, Drone, Evolution Chamber  
  75  5:35  Extractor, Drone x2  
  72  5:36  Lair  
  72  5:42  Drone x3  
  75  5:43  Drone x3  
  79  5:50  Drone x3  
  79  5:51  Drone  
  82  6:03  Queen  
  84  6:05  Hatchery  
  84  6:10  Overlord x2  
  83  6:12  Zerg Missile Weapons Level 1  
  83  6:14  Roach x6  
  95  6:31  Overlord x2  
  95  6:32  Overlord  
  95  6:33  Glial Reconstitution  
  95  6:39  Queen  
  97  6:41  Roach x6  
  111  6:54  Roach x7  
  123  7:02  Drone  
  123  7:03  Hydralisk Den  
  123  7:04  Drone  
  123  7:05  Drone x3  
  123  7:06  Extractor  
  126  7:09  Roach  
  126  7:10  Roach x2  
  132  7:21  Roach x6  
  144  7:27  Overlord x5  
  143  7:43  Overlord x2  
  143  7:47  Grooved Spines  
  143  7:49  Drone, Hatchery  
  143  7:53  Hydralisk x6  
  155  8:07  Drone x3  
  155  8:08  Drone  
  155  8:09  Queen, Spore Crawler  
  155  8:11  Spore Crawler x2, Zerg Missile Weapons Level 2  
  158  8:13  Ravager  
  158  8:14  Ravager x4  
  158  8:19  Hydralisk x2  
  167  8:24  Hydralisk x2  
  171  8:34  Hydralisk  
  171  8:35  Hydralisk x2  
  171  8:37  Overseer  
  177  8:47  Spore Crawler  
  176  8:48  Hydralisk x4  
  176  8:50  Zergling x16  
  191  8:57  Hydralisk x2  
  191  8:58  Muscular Augments  
  195  9:03  Hydralisk x2  
  199  9:21  Hydralisk  
  199  9:28  Drone, Spine Crawler  
  199  9:29  Spine Crawler  
  199  9:30  Drone  
  199  9:37  Lurker Den  
  198  9:52  Extractor  
  187  9:56  Extractor  
  179  10:01  Infestation Pit  
  179  10:03  Hydralisk x4  
  179  10:04  Hydralisk x10  
  180  10:18  Zergling x2  
  180  10:19  Zergling x38  
  186  10:32  Drone x9  
  186  10:34  Hydralisk  
  187  10:36  Hydralisk  
  187  10:38  Hive  
  187  10:40  Drone x2  
  187  10:41  Drone x3  
  187  10:42  Drone  
  193  10:51  Hatchery  
  193  10:53  Lurker x4  
  193  10:54  Lurker x2  
  198  10:59  Lurker  
  198  11:00  Lurker  
  198  11:07  Overlord x3  
  191  11:29  Hydralisk x4  
  199  11:38  Spore Crawler  
  198  11:44  Spore Crawler  
  198  11:45  Spore Crawler  
  196  11:49  Spore Crawler  
  196  11:51  Overlord x2  
  195  11:56  Extractor  
  195  11:58  Extractor  
  195  11:59  Hatchery  
  192  12:03  Hydralisk  
  192  12:04  Hydralisk x3  
  192  12:06  Overseer x2  
  178  12:17  Hatchery  
  178  12:22  Seismic Spines  
  173  12:26  Zerg Missile Weapons Level 3  
  173  12:28  Adrenal Glands  
  173  12:30  Evolution Chamber  
  173  12:41  Hatchery  
  166  12:51  Lurker x14  
  162  13:08  Overlord  
  152  13:16  Nydus Network  
  152  13:18  Nydus Network, Drone x6  
  152  13:19  Queen, Adaptive Talons, Drone x2  
  152  13:20  Drone x4  
  152  13:21  Drone x2  
  152  13:23  Pneumatized Carapace  
  157  13:27  Overseer  
  157  13:31  Overseer  
  157  13:37  Zerg Ground Armor Level 1  
  157  13:38  Drone  
  157  13:39  Drone x4  
  162  13:43  Drone x4  
  166  13:52  Zergling x2  
  166  13:53  Zergling x38  
  180  14:00  Hydralisk x2  
  175  14:05  Drone x4  
  175  14:11  Queen  
  177  14:17  Nydus Canal  
  177  14:22  Lurker x6  
  183  14:27  Nydus Canal  
  176  14:39  Lurker x2  
  178  14:48  Overseer  
  178  14:56  Viper x6  
  178  14:58  Overseer x2  
  196  15:04  Zerg Melee Weapons Level 1  
  196  15:06  Evolution Chamber  
  190  15:09  Evolution Chamber  
  190  15:10  Hydralisk x5  
  190  15:14  Drone  
  200  15:16  Spine Crawler  
  185  15:50  Lurker Den  
  184  15:57  Queen, Drone x9  
  184  16:00  Lurker x2  
  184  16:03  Zerg Ground Armor Level 2  
  197  16:12  Hydralisk  
  199  16:47  Hatchery  
  195  17:08  Hydralisk x2  
  197  17:15  Nydus Canal  
  199  17:20  Nydus Canal  
  191  17:47  Nydus Canal  
  191  17:53  Nydus Canal  
  191  17:56  Hydralisk  
  191  17:57  Hydralisk x3  
  182  18:19  Hydralisk x9  
  200  18:22  Lurker Den  
  199  18:32  Drone  
  200  18:50  Hatchery  
  199  18:57  Hatchery  
  198  19:20  Overseer x2  
  198  19:23  Hydralisk  
  188  19:48  Overseer x3  
Show
View Real Time Build Order
Export as new Build Order

SueGhan Protoss - Winner!

Build Orders: 1 Gate Expand, Oracle Opening 

Get SALT Encoding   

  12  0:01  Probe  
  13  0:13  Probe  
  14  0:19  Pylon  
  14  0:25  Probe (Chrono Boost)  
  15  0:37  Probe (Chrono Boost)  
  15  0:41  Gateway  
  16  0:45  Probe (Chrono Boost)  
  17  0:51  Assimilator  
  17  0:52  Probe  
  18  1:04  Probe  
  19  1:17  Probe  
  20  1:26  Nexus  
  20  1:36  Cybernetics Core  
  20  1:41  Probe  
  20  1:47  Assimilator  
  21  1:53  Probe  
  22  1:56  Pylon  
  22  2:05  Probe  
  23  2:11  Adept (Chrono Boost)  
  25  2:17  Probe  
  26  2:28  Stargate  
  26  2:29  Probe  
  27  2:31  Adept (Chrono Boost)  
  29  2:39  Warp Gate  
  29  2:41  Probe x2  
  31  2:53  Probe  
  31  2:54  Probe  
  33  3:05  Probe  
  34  3:06  Adept  
  34  3:07  Probe  
  34  3:11  Oracle (Chrono Boost)  
  37  3:13  Gateway  
  40  3:23  Probe  
  40  3:25  Probe  
  42  3:35  Probe  
  43  3:55  Nexus  
  43  3:56  Probe  
  43  3:57  Pylon  
  44  4:05  Probe  
  44  4:09  Probe  
  51  4:17  Probe  
  51  4:19  Shield Battery  
  51  4:20  Void Ray  
  51  4:21  Probe  
  52  4:25  Twilight Council  
  52  4:29  Probe  
  53  4:34  Assimilator  
  53  4:35  Pylon  
  53  4:36  Probe  
  54  4:46  Pylon  
  54  4:53  Probe (Chrono Boost)  
  54  4:58  Probe (Chrono Boost)  
  56  5:00  Forge  
  56  5:02  Gateway, Probe (Chrono Boost)  
  56  5:04  Gateway x2  
  56  5:06  Probe (Chrono Boost)  
  58  5:07  Blink (Chrono Boost), Probe x2 (Chrono Boost)  
  60  5:17  Probe (Chrono Boost)  
  60  5:19  Probe (Chrono Boost)  
  63  5:25  Probe (Chrono Boost)  
  63  5:27  Probe (Chrono Boost)  
  63  5:28  Probe (Chrono Boost)  
  65  5:32  Probe x2 (Chrono Boost)  
  65  5:35  Protoss Ground Weapons Level 1  
  67  5:37  Probe  
  67  5:41  Nexus  
  68  5:43  Pylon, Probe  
  68  5:46  Probe  
  68  5:49  Probe  
  71  5:54  Pylon  
  71  5:55  Probe  
  72  5:58  Templar Archives  
  72  5:59  Pylon  
  72  6:01  Probe x2  
  72  6:03  Photon Cannon  
  74  6:04  Gateway  
  74  6:14  Probe (Chrono Boost)  
  74  6:16  Probe (Chrono Boost)  
  76  6:18  Probe (Chrono Boost)  
  76  6:21  Assimilator  
  78  6:28  Probe x2 (Chrono Boost), Psionic Storm  
  78  6:29  Probe (Chrono Boost)  
  78  6:30  Stalker x4  
  78  6:31  Stalker  
  90  6:36  Probe  
  91  6:41  Forge  
  91  6:43  Gateway, Probe x2  
  91  6:44  Gateway  
  93  6:48  Probe  
  93  6:49  Photon Cannon, Pylon  
  94  6:55  Probe x2  
  94  6:57  Probe  
  94  6:58  Shield Battery  
  94  6:59  Charge (Chrono Boost)  
  94  7:00  Probe  
  94  7:01  Assimilator  
  98  7:05  Assimilator  
  98  7:07  Probe  
  99  7:08  Stalker  
  99  7:09  Stalker  
  99  7:10  Photon Cannon  
  103  7:18  High Templar  
  103  7:19  Robotics Facility  
  103  7:20  High Templar, Pylon  
  103  7:22  Probe x2  
  109  7:28  Zealot  
  111  7:39  Probe x3  
  114  7:45  Stalker x3  
  114  7:46  Stalker  
  114  7:47  Probe  
  114  7:50  Pylon  
  123  7:51  Assimilator  
  123  7:56  Gateway, Assimilator, Protoss Ground Weapons Level 2 (Chrono Boost)  
  123  7:58  Gateway  
  123  7:59  Photon Cannon  
  123  8:00  Pylon  
  123  8:01  Probe  
  123  8:02  Pylon  
  124  8:07  Protoss Ground Armor Level 1 (Chrono Boost)  
  124  8:12  Stalker  
  124  8:13  Stalker  
  128  8:21  Photon Cannon  
  128  8:22  Probe  
  128  8:23  Observer  
  128  8:24  Shield Battery  
  128  8:25  Photon Cannon x2  
  128  8:27  Probe, Robotics Bay  
  131  8:31  Shield Battery  
  131  8:34  Pylon  
  131  8:38  Zealot x3  
  131  8:39  Zealot  
  139  9:03  Probe  
  139  9:05  Stalker  
  140  9:12  Stalker  
  140  9:13  Disruptor (Chrono Boost), Stalker x3  
  151  9:22  High Templar x2  
  147  9:32  Photon Cannon  
  147  9:42  Disruptor  
  138  10:00  Zealot x5  
  129  10:17  Zealot  
  129  10:18  Zealot x2  
  129  10:19  Zealot x2  
  139  10:28  Disruptor (Chrono Boost)  
  136  10:29  Protoss Ground Armor Level 2 (Chrono Boost), Protoss Ground Weapons Level 3 (Chrono Boost)  
  136  10:30  Stalker x4  
  147  10:42  Photon Cannon  
  147  10:47  Gateway, Zealot x5, Dark Shrine  
  157  10:54  Disruptor (Chrono Boost)  
  160  10:58  Robotics Facility  
  160  11:02  Photon Cannon  
  160  11:04  Photon Cannon  
  160  11:16  Nexus  
  154  11:22  Gateway  
  154  11:23  Observer (Chrono Boost)  
  154  11:24  Gateway  
  151  11:25  Gateway  
  151  11:26  Pylon  
  151  11:28  Pylon  
  151  11:35  Gateway  
  151  11:38  Gateway  
  157  11:40  Robotics Facility, Extended Thermal Lance  
  157  11:41  Colossus (Chrono Boost)  
  157  11:46  Zealot x4, Assimilator  
  157  11:47  Zealot x2, Assimilator, Colossus (Chrono Boost)  
  175  12:02  Dark Templar  
  175  12:03  Dark Templar  
  175  12:04  Photon Cannon  
  175  12:06  Photon Cannon  
  175  12:08  Photon Cannon  
  179  12:10  Shield Battery  
  179  12:12  Shield Battery  
  185  12:31  Disruptor (Chrono Boost)  
  185  12:32  Colossus (Chrono Boost)  
  188  12:43  Pylon  
  182  12:46  Pylon  
  182  12:56  Disruptor (Chrono Boost)  
  179  13:11  Disruptor  
  178  13:23  Dark Templar x2  
  178  13:24  Dark Templar x2, Stargate  
  186  13:28  Fleet Beacon  
  186  13:29  Nexus  
  186  13:30  Photon Cannon  
  186  13:31  Photon Cannon x2  
  186  13:34  Assimilator  
  186  13:35  Stargate  
  186  13:36  Assimilator  
  176  14:09  Mothership (Chrono Boost)  
  178  14:18  Zealot x2  
  178  14:19  Zealot x3  
  178  14:22  Dark Templar  
  190  14:29  Dark Templar x3  
  190  14:50  Zealot x4  
  198  15:01  Nexus  
  198  15:03  Assimilator  
  198  15:05  Assimilator  
  196  15:07  Pylon x2  
  187  15:44  Tempest x2 (Chrono Boost)  
  195  15:54  Photon Cannon  
  191  15:57  Photon Cannon  
  191  15:59  Photon Cannon  
  191  16:00  Photon Cannon  
  191  16:03  Shield Battery, Photon Cannon  
  191  16:17  Photon Cannon  
  191  16:18  Tempest (Chrono Boost)  
  192  16:51  Tempest x2 (Chrono Boost)  
  192  16:52  Protoss Air Weapons Level 1 (Chrono Boost)  
  195  17:05  Zealot x2  
  199  17:17  Photon Cannon  
  199  17:20  Photon Cannon  
  199  17:23  Shield Battery  
  183  17:55  Dark Templar  
  171  18:18  Tempest x2 (Chrono Boost)  
  131  18:26  Disruptor x2 (Chrono Boost)  
  128  18:32  Zealot x4  
  128  18:33  Zealot x3  
  148  18:36  Zealot x4  
  148  18:38  High Templar x2  
  148  19:05  Photon Cannon  
  148  19:06  Photon Cannon  
  148  19:21  Disruptor x2  
  154  19:30  Nexus  
  146  19:34  Assimilator, Pylon  
  146  19:36  Pylon  
  142  20:04  Zealot x5  
  142  20:05  Zealot x3  
  158  20:07  Dark Templar x3  
  164  20:17  Photon Cannon  
Tags
 
Add a new tag
Caveats
  • Supply blocks, unpowered buildings, or Contaminate may cause inaccurate times.
  • Supply counts are checked every 10 seconds.